Map: Ephemeron LE

Players

ShoWTimE - Winner!

  • Race: Protoss Protoss
  • League: Grandmaster
  • Spawn Location: 11:00

MarineLorD

  • Race: Terran Terran
  • League: Master
  • Spawn Location: 5:00

Event: HomeStory Cup XX

VOD

Have the link to the VOD?

Description

Time

  • Played on: Nov. 22, 2019, 12:51 p.m.
  • Length: 11:50

All games in this series

Show
View Real Time Build Order
Export as new Build Order

ShoWTimE Protoss - Winner!

Build Orders: 1 Gate Expand, Double Forge, Phoenix Opening, Blink Stalkers 

Get SALT Encoding   

  12  0:00  Probe  
  13  0:12  Probe  
  14  0:17  Pylon  
  14  0:24  Probe  
  15  0:32  Probe  
  15  0:38  Gateway  
  15  0:40  Probe  
  16  0:46  Assimilator  
  17  0:51  Probe  
  18  1:03  Probe  
  19  1:15  Probe  
  20  1:25  Cybernetics Core  
  20  1:34  Nexus  
  20  1:37  Probe  
  21  1:44  Pylon  
  21  1:49  Probe  
  21  1:52  Assimilator, Adept  
  22  2:01  Probe  
  23  2:06  Warp Gate  
  25  2:10  Probe  
  26  2:18  Probe  
  26  2:22  Sentry  
  29  2:27  Probe  
  30  2:39  Probe  
  30  2:42  Probe  
  30  2:44  Twilight Council  
  31  2:50  Probe  
  32  2:51  Stalker, Probe, Blink  
  36  2:59  Phoenix  
  36  3:00  Probe  
  36  3:03  Probe  
  38  3:10  Gateway  
  38  3:12  Probe  
  38  3:16  Probe  
  40  3:25  Probe  
  41  3:27  Pylon  
  41  3:28  Probe  
  42  3:34  Robotics Facility  
  42  3:37  Probe  
  42  3:38  Assimilator  
  42  3:40  Probe  
  44  3:49  Probe  
  44  3:52  Probe  
  44  3:53  Pylon  
  46  3:57  Stalker  
  46  4:01  Probe  
  49  4:04  Probe  
  49  4:08  Stalker  
  52  4:12  Nexus  
  52  4:14  Probe  
  52  4:16  Probe  
  54  4:20  Pylon  
  54  4:24  Observer  
  55  4:27  Stalker  
  55  4:28  Probe x2  
  55  4:31  Stalker  
  59  4:40  Probe x2  
  59  4:45  Forge x2  
  61  4:50  Observer  
  61  4:52  Charge, Probe  
  63  4:53  Stalker  
  63  4:56  Stalker  
  63  4:58  Probe  
  68  5:08  Protoss Ground Armor Level 1  
  68  5:09  Protoss Ground Weapons Level 1  
  68  5:15  Gateway x2  
  68  5:23  Gateway  
  68  5:27  Gateway  
  68  5:29  Observer  
  68  5:33  Gateway  
  69  5:38  Gateway  
  69  5:39  Gateway  
  69  5:40  Probe x2  
  69  5:41  Probe  
  70  5:50  Stalker x2  
  70  5:51  Observer  
  70  5:52  Observer, Probe x2  
  77  6:00  Probe x2  
  77  6:01  Probe  
  76  6:08  Assimilator, Pylon, Probe  
  76  6:09  Probe  
  78  6:12  Assimilator, Probe  
  81  6:18  Probe  
  81  6:19  Probe  
  81  6:22  Pylon, Probe  
  84  6:26  Assimilator  
  84  6:27  Probe  
  84  6:28  Robotics Bay  
  84  6:30  Probe x2  
  86  6:35  Sentry, Probe  
  90  6:40  Probe  
  90  6:43  Probe  
  90  6:44  Photon Cannon  
  90  6:46  Probe  
  92  6:49  Photon Cannon  
  92  6:52  Zealot  
  92  6:53  Zealot x3  
  101  6:56  Robotics Facility  
  101  7:03  Pylon  
  101  7:06  Pylon, Colossus  
  101  7:17  Extended Thermal Lance  
  101  7:18  Protoss Ground Armor Level 2  
  101  7:20  Pylon  
  101  7:21  Pylon, Probe x2  
  109  7:24  Probe  
  109  7:25  Stalker x2  
  109  7:27  Protoss Ground Weapons Level 2  
  114  7:33  Probe  
  114  7:34  Colossus  
  114  7:35  Pylon  
  115  7:47  Pylon  
  115  7:50  Zealot x5  
  131  7:52  Colossus  
  131  7:56  Pylon  
  131  7:58  Stalker x2  
  131  8:03  Pylon  
  135  8:12  Observer  
  141  8:17  Nexus  
  141  8:21  Pylon  
  141  8:25  Colossus  
  141  8:31  Stalker x4  
  147  8:37  Probe x2  
  147  8:38  Probe  
  156  8:46  Zealot x2  
  156  8:47  Zealot  
  150  8:50  Probe x2  
  150  8:55  Probe  
  153  8:59  Photon Cannon  
  153  9:00  Shield Battery, Dark Shrine  
  153  9:02  Probe  
  152  9:05  Stalker x2  
  152  9:09  Probe  
  156  9:10  Probe  
  156  9:15  Stalker x2  
  156  9:16  Disruptor  
  158  9:22  Stalker x2  
  162  9:25  Photon Cannon  
  162  9:30  Disruptor  
  168  9:33  Probe x3  
  168  9:36  Assimilator  
  171  9:40  Assimilator, Photon Cannon  
  171  9:43  Photon Cannon  
  171  9:47  Templar Archives  
  171  9:56  Disruptor  
  171  9:57  Disruptor  
  175  10:08  Stalker x5  
  175  10:09  Stalker  
  185  10:16  Pylon  
  185  10:22  Stalker  
  185  10:23  Disruptor  
  185  10:24  Disruptor  
  185  10:27  Pylon  
  193  10:37  Zealot  
  187  10:53  Zealot x8  
  173  10:59  Disruptor  
  167  11:14  High Templar x2  
  171  11:18  Zealot x6  
  171  11:19  Nexus  
  171  11:22  Pylon  
  175  11:37  Zealot  
Show
View Real Time Build Order
Export as new Build Order

MarineLorD Terran 

Build Orders: Reaper Expand 

Get SALT Encoding   

  12  0:00  SCV  
  13  0:12  SCV  
  14  0:17  Supply Depot  
  14  0:25  SCV  
  15  0:38  SCV  
  15  0:39  Barracks  
  16  0:43  Refinery  
  16  0:51  SCV  
  17  1:03  SCV  
  18  1:15  SCV  
  19  1:27  Orbital Command, Reaper  
  20  1:43  Command Center  
  20  1:52  Supply Depot  
  20  1:54  SCV  
  20  2:01  Marine  
  22  2:06  SCV  
  23  2:09  Bunker  
  23  2:18  SCV  
  23  2:19  Barracks Reactor  
  24  2:24  Factory  
  24  2:30  SCV  
  25  2:41  Refinery  
  25  2:43  SCV  
  25  2:55  Marine x2, SCV  
  25  2:56  Orbital Command  
  28  3:07  SCV  
  28  3:10  Factory Tech Lab  
  29  3:13  Marine x2  
  29  3:15  Armory  
  30  3:22  SCV  
  30  3:23  SCV  
  32  3:34  Marine x2, SCV  
  34  3:35  Starport, SCV  
  34  3:39  Supply Depot  
  36  3:43  Cyclone  
  36  3:46  SCV  
  40  3:56  Marine x2  
  40  3:59  SCV  
  40  4:00  SCV  
  40  4:01  Drilling Claws  
  44  4:11  Supply Depot, SCV  
  44  4:12  SCV  
  44  4:16  Widow Mine  
  48  4:21  Marine x2, Medivac  
  48  4:23  SCV  
  53  4:24  SCV  
  53  4:25  Supply Depot  
  54  4:35  SCV  
  54  4:36  SCV  
  54  4:37  Widow Mine  
  58  4:43  Command Center  
  58  4:47  Supply Depot  
  58  4:50  Marine x2  
  58  4:51  SCV  
  58  4:52  SCV  
  61  4:58  Barracks  
  61  4:59  Widow Mine  
  63  5:04  SCV x2  
  65  5:11  Supply Depot  
  65  5:12  Medivac  
  69  5:16  SCV x2  
  69  5:17  Barracks  
  69  5:27  Refinery x2  
  69  5:28  Marine, Stimpack, SCV x2  
  70  5:29  Widow Mine x2  
  76  5:40  SCV  
  76  5:41  SCV  
  78  5:46  Marauder  
  80  5:50  Widow Mine x2  
  80  5:53  Barracks Tech Lab, SCV x2  
  84  6:01  Orbital Command  
  84  6:03  Medivac  
  82  6:05  SCV x2  
  82  6:07  Barracks Reactor  
  82  6:08  Engineering Bay x2  
  84  6:12  Marauder x2  
  84  6:17  SCV x2  
  90  6:20  Widow Mine x2  
  94  6:27  Orbital Command  
  94  6:29  SCV x2  
  94  6:32  Supply Depot  
  96  6:33  Marauder, Supply Depot  
  98  6:41  Terran Infantry Weapons Level 1, Terran Infantry Armor Level 1, SCV x2  
  100  6:47  Marine  
  100  6:54  Marauder, Factory Reactor, SCV x3  
  106  6:57  Supply Depot  
  106  6:59  Marauder, Combat Shield, Supply Depot  
  108  7:06  SCV x3  
  108  7:08  Supply Depot, Concussive Shells  
  111  7:09  Marine x2, Supply Depot  
  111  7:11  Medivac  
  111  7:13  Medivac  
  117  7:16  Refinery  
  117  7:18  Refinery  
  117  7:20  Marauder  
  119  7:28  Barracks  
  119  7:29  Supply Depot, SCV, Barracks  
  121  7:30  SCV x2  
  121  7:36  Marauder  
  124  7:37  Marine  
  124  7:38  Marine, Armory  
  124  7:41  Marauder  
  124  7:42  SCV  
  129  7:44  Medivac  
  129  7:45  Medivac  
  129  7:47  SCV x2  
  135  7:57  Marauder  
  135  7:58  Starport, Marine x2, Supply Depot  
  137  8:00  Supply Depot  
  139  8:06  Terran Ship Weapons Level 1  
  139  8:11  Marauder, Command Center  
  140  8:14  Viking  
  140  8:15  Viking  
  140  8:18  Marine, Barracks Tech Lab, Barracks Reactor  
  140  8:19  Marauder, SCV  
  148  8:20  SCV  
  148  8:26  Supply Depot  
  149  8:27  Supply Depot  
  149  8:29  Bunker  
  149  8:32  Marauder, Marine  
  151  8:37  Supply Depot, Missile Turret  
  150  8:42  Viking  
  146  8:48  Viking x2  
  146  8:52  Marauder x2, Marine x2  
  153  9:00  Viking  
  155  9:04  Marine  
  158  9:11  Marine  
  158  9:12  Marine, Viking  
  158  9:14  Marauder, Terran Infantry Weapons Level 2  
  158  9:15  Ghost Academy, Terran Infantry Armor Level 2  
  160  9:22  Marine x3  
  160  9:23  Marauder  
  165  9:27  SCV x3  
  168  9:34  Marine x2  
  168  9:38  Missile Turret  
  172  9:40  Marine  
  172  9:45  Sensor Tower  
  175  9:46  Ghost x3  
  175  9:48  Enhanced Shockwaves  
  177  10:03  Viking x2  
  177  10:04  Viking x2  
  185  10:09  Refinery  
  185  10:10  Refinery  
  185  10:13  Planetary Fortress  
  185  10:20  Marine  
  185  10:21  Marine x3, Marauder x3  
  188  10:38  Marine x2  
  188  10:41  Command Center  
  188  10:42  Marauder  
  159  10:52  Marauder  
  159  10:53  Marine x2, Marauder  
  133  11:03  Marauder  
  124  11:08  Barracks  
  124  11:09  Barracks  
  124  11:10  Barracks  
  129  11:13  Marauder  
  129  11:15  Marauder  
  133  11:19  Marine x2  
  133  11:21  Widow Mine  
  133  11:25  Marauder  
  136  11:26  Marine x2  
  136  11:32  SCV x2  
Tags
 
Add a new tag
Caveats
  • Supply blocks, unpowered buildings, or Contaminate may cause inaccurate times.
  • Supply counts are checked every 10 seconds.